[Event "KAZ-ch Open 2019"]
[Site "Almaty"]
[Date "2019.04.21"]
[Round "1.1"]
[White "Kostenko, Petr"]
[Black "Agmanov, Zhandos"]
[Result "1/2-1/2"]
[ECO "A05"]
[WhiteElo "2450"]
[BlackElo "2394"]
[Annotator "ChessBase"]
[PlyCount "187"]
[EventDate "2019.04.21"]
[EventType "tourn"]
[EventCountry "KAZ"]
[SourceTitle "playchess.com"]
[Source "ChessBase"]
[SourceQuality "1"]
[TimeControl "40/5400+30:1800+30"]

1. Nf3 Nf6 2. c4 e6 3. e3 d5 4. b3 Be7 5. Bb2 dxc4 6. bxc4 O-O 7. Qc2 Nbd7 8. Nc3 c5 9. Rg1 b6 10. g4 Bb7 11. Be2 Ne8 12. h4 Nd6 13. Ng5 Bxg5 14. hxg5 Ne5 15. d3 Nf3+ 16. Bxf3 Bxf3 17. Rg3 Bb7 18. f4 e5 19. O-O-O exf4 20. exf4 f6 21. gxf6 Qxf6 22. Nd5 Qf7 23. Be5 Bxd5 24. Bxd6 Bc6 25. Qh2 Rfe8 26. Rh3 Qg6 27. Be5 Re7 28. Rh5 Bf3 29. f5 Qxg4 30. Rxh7 Bxd1 31. f6 Qe2 32. fxe7 Qxh2 33. Rxh2 Ba4 34. Rg2 Kf7 35. Rxg7+ Ke6 36. Bc7 Rh8 37. Bd8 Rh3 38. Rg6+ Kd7 39. Rg8 Re3 40. Kd2 Re6 41. Rg1 Bc6 42. Rg7 Ke8 43. Rg3 Kd7 44. d4 cxd4 45. Ra3 a5 46. Bxb6 a4 47. Bc5 Re3 48. Rxe3 dxe3+ 49. Kxe3 Kc7 50. Kd4 Be8 51. Kc3 Kc6 52. Kb4 Kb7 53. Be3 Bc6 54. Kc5 Be8 55. Kd6 Bc6 56. a3 Be8 57. Bd2 Bc6 58. Ba5 Be8 59. c5 Bc6 60. Bd2 Be8 61. Be3 Bc6 62. Ke6 Be8 63. Kf6 Kc6 64. Kg7 Kd7 65. Bg5 Bh5 66. Bh4 Be8 67. Kf6 Kc6 68. Bf2 Kd7 69. Be3 Kc6 70. Kg7 Kd7 71. Kf8 Bh5 72. Bf4 Bg6 73. Kg7 Be8 74. Bd6 Bh5 75. Kf8 Bg6 76. Bf4 Bh5 77. Bg5 Bg6 78. Kg7 Be8 79. Bh4 Bh5 80. Kf8 Bg6 81. Bg3 Bh5 82. e8=B+ Bxe8 83. c6+ Kxc6 84. Kxe8 Kb7 85. Kd7 Ka8 86. Kc8 Ka7 87. Bf4 Ka8 88. Kc7 Ka7 89. Be3+ Ka8 90. Kb6 Kb8 91. Bd4 Ka8 92. Kb5 Kb7 93. Be5 Ka8 94. Kb6 1/2-1/2

[Event "KAZ-ch Open 2019"]
[Site "Almaty"]
[Date "2019.04.21"]
[Round "1.2"]
[White "Ibrayev, Nurlan"]
[Black "Kvan, Andrey"]
[Result "1-0"]
[ECO "E06"]
[WhiteElo "2379"]
[BlackElo "2286"]
[Annotator "NA"]
[PlyCount "83"]
[EventDate "2019.04.21"]
[EventType "tourn"]
[EventCountry "KAZ"]
[SourceTitle "playchess.com"]
[Source "ChessBase"]
[SourceQuality "1"]
[TimeControl "40/5400+30:1800+30"]

1. d4 Nf6 2. c4 e6 3. g3 d5 4. Bg2 Be7 5. Nf3 O-O 6. O-O b6 7. Nc3 Bb7 8. Ne5 Nbd7 9. cxd5 exd5 10. Qa4 Nxe5 11. dxe5 Ne8 12. Nxd5 Bxd5 13. Rd1 b5 14. Qc2 c6 15. e4 Nc7 16. exd5 cxd5 17. Be3 Qd7 18. Rac1 Rfc8 19. Qc6 Qg4 20. h3 Qf5 21. Kh2 g5 22. Qb7 Bd8 23. Bxa7 Qe6 24. a3 h5 25. Bd4 Rcb8 26. Qc6 Ra6 27. Qc2 Rb7 28. Qe2 g4 29. hxg4 hxg4 30. Be3 b4 31. Rd4 bxa3 32. Rxg4+ Kf8 33. bxa3 Be7 34. Bh3 Bxa3 35. Rh4 Qg6 36. Rc3 Be7 37. Rh8+ Kg7 38. Rh6 Qxh6 39. Bxh6+ Rxh6 40. Qg4+ Rg6 41. Qc8 Rb2 42. Qxc7 1-0

[Event "KAZ-ch Open 2019"]
[Site "Almaty"]
[Date "2019.04.21"]
[Round "1.3"]
[White "Nogerbek, Kazybek"]
[Black "Urazayev, Arystanbek"]
[Result "1/2-1/2"]
[ECO "C88"]
[WhiteElo "2341"]
[BlackElo "2446"]
[Annotator "NA"]
[PlyCount "59"]
[EventDate "2019.04.21"]
[EventType "tourn"]
[EventCountry "KAZ"]
[SourceTitle "playchess.com"]
[Source "ChessBase"]
[SourceQuality "1"]
[TimeControl "40/5400+30:1800+30"]

1. e4 e5 2. Nf3 Nc6 3. Bb5 a6 4. Ba4 Nf6 5. O-O Be7 6. Re1 b5 7. Bb3 O-O 8. h3 Bb7 9. d3 d5 10. exd5 Nxd5 11. a4 Nd4 12. Nxd4 exd4 13. axb5 axb5 14. Rxa8 Bxa8 15. Na3 Bb4 16. Bd2 Bxd2 17. Qxd2 Qf6 18. Bxd5 Bxd5 19. Nxb5 Bxg2 20. Kxg2 Qc6+ 21. Kg1 Qxb5 22. Qf4 Qxb2 23. Qxc7 Qb8 24. Re7 Qa8 25. Qf4 Qc8 26. Qxd4 Qxc2 27. Qe3 Qc6 28. Qe4 Qxe4 29. dxe4 g6 30. Kg2 1/2-1/2

[Event "KAZ-ch Open 2019"]
[Site "Almaty"]
[Date "2019.04.21"]
[Round "1.4"]
[White "Kazakov, Konstantin"]
[Black "Zhalmakhanov, Ramazan"]
[Result "1/2-1/2"]
[ECO "A05"]
[WhiteElo "2369"]
[BlackElo "2346"]
[Annotator "NA"]
[PlyCount "87"]
[EventDate "2019.04.21"]
[EventType "tourn"]
[EventCountry "KAZ"]
[SourceTitle "playchess.com"]
[Source "ChessBase"]
[SourceQuality "1"]
[TimeControl "40/5400+30:1800+30"]

1. Nf3 Nf6 2. b3 d5 3. Bb2 Bf5 4. e3 e6 5. c4 Be7 6. Be2 h6 7. O-O O-O 8. Nc3 Nbd7 9. d4 c6 10. Bd3 Bd6 11. Bxf5 exf5 12. Qd3 g6 13. Rac1 a6 14. cxd5 Nxd5 15. Na4 Qe7 16. Rfe1 Rfe8 17. Nc3 Rad8 18. Nxd5 cxd5 19. g3 Qe4 20. Qd1 Rc8 21. Nd2 Qe7 22. Nb1 Nf6 23. Qd3 h5 24. Rxc8 Rxc8 25. Rc1 Rxc1+ 26. Bxc1 h4 27. Nc3 Qe6 28. Bd2 Ne4 29. Be1 Kg7 30. f3 Nxc3 31. Qxc3 hxg3 32. hxg3 g5 33. Qd3 g4 34. f4 Kg6 35. Kg2 Ba3 36. Bd2 Qc6 37. Qc3 Qe8 38. Qc2 Qb5 39. Kf2 a5 40. Qc8 a4 41. Qg8+ Kf6 42. Qh8+ Kg6 43. Qg8+ Kf6 44. Qh8+ {[%emt 0:00:30] Ke5} 1/2-1/2

[Event "KAZ-ch Open 2019"]
[Site "Almaty"]
[Date "2019.04.21"]
[Round "1.5"]
[White "Kazhgaleyev, Murtas"]
[Black "Moisseyenko, Ilya"]
[Result "1/2-1/2"]
[ECO "A50"]
[WhiteElo "2578"]
[BlackElo "2329"]
[Annotator "ChessBase"]
[PlyCount "91"]
[EventDate "2019.04.21"]
[EventType "tourn"]
[EventCountry "KAZ"]
[SourceTitle "playchess.com"]
[Source "ChessBase"]
[SourceQuality "1"]
[TimeControl "40/5400+30:1800+30"]

1. d4 Nf6 2. c4 c6 3. Nc3 d5 4. cxd5 cxd5 5. Bf4 Nc6 6. e3 a6 7. Be2 e6 8. Nf3 Bd6 9. Ne5 Bxe5 10. Bxe5 Nxe5 11. dxe5 Nd7 12. Qd4 f6 13. exf6 Qxf6 14. Qd2 O-O 15. O-O Ne5 16. Rad1 Nc6 17. f4 Rd8 18. e4 d4 19. Nb1 e5 20. f5 Bd7 21. Na3 b5 22. Nc2 Be8 23. Ne1 Bf7 24. b3 Rac8 25. Nd3 Qd6 26. Qg5 Qf6 27. Qg3 a5 28. Nf2 h5 29. Bxb5 Nb4 30. Nd3 Nxd3 31. Qxd3 Rc3 32. Qd2 Rdc8 33. Rf2 h4 34. Kh1 R8c5 35. Bd3 Rc7 36. Rg1 Kf8 37. g4 hxg3 38. Rxg3 Qh4 39. Rf1 a4 40. Qg2 axb3 41. axb3 Rxb3 42. f6 gxf6 43. Rh3 Qg5 44. Rg3 Qh6 45. Rh3 Qg5 46. Rg3 1/2-1/2

[Event "KAZ-ch Open 2019"]
[Site "Almaty"]
[Date "2019.04.21"]
[Round "1.6"]
[White "Makhnev, Denis"]
[Black "Ismagambetov, Anuar"]
[Result "1/2-1/2"]
[ECO "E01"]
[WhiteElo "2483"]
[BlackElo "2554"]
[Annotator "ChessBase"]
[PlyCount "46"]
[EventDate "2019.04.21"]
[EventType "tourn"]
[EventCountry "KAZ"]
[SourceTitle "playchess.com"]
[Source "ChessBase"]
[SourceQuality "1"]
[TimeControl "40/5400+30:1800+30"]

1. d4 Nf6 2. c4 e6 3. g3 d5 4. Bg2 dxc4 5. Qa4+ Nc6 6. e3 Bd6 7. Ne2 O-O 8. Qxc4 e5 9. O-O Bg4 10. Nbc3 Qd7 11. f3 exd4 12. Nxd4 Ne5 13. Qe2 Bh3 14. Rd1 Rae8 15. e4 Bc5 16. Be3 Bxg2 17. Kxg2 Qc8 18. Rac1 Nfd7 19. Ncb5 c6 20. Nxc6 Qxc6 21. Bxc5 Nxc5 22. Rd6 Ned3 23. Rxc6 Nxc1 1/2-1/2

[Event "KAZ-ch Open 2019"]
[Site "Almaty"]
[Date "2019.04.22"]
[Round "2.1"]
[White "Agmanov, Zhandos"]
[Black "Ismagambetov, Anuar"]
[Result "1/2-1/2"]
[ECO "B33"]
[WhiteElo "2394"]
[BlackElo "2554"]
[Annotator "ChessBase"]
[PlyCount "52"]
[EventDate "2019.04.21"]
[EventType "tourn"]
[EventCountry "KAZ"]
[SourceTitle "playchess.com"]
[Source "ChessBase"]
[SourceQuality "1"]
[TimeControl "40/5400+30:1800+30"]

1. e4 c5 2. Nf3 e6 3. d4 cxd4 4. Nxd4 Nf6 5. Nc3 Nc6 6. Ndb5 d6 7. Bf4 e5 8. Bg5 a6 9. Na3 b5 10. Nd5 Be7 11. Bxf6 Bxf6 12. c4 b4 13. Nc2 O-O 14. g3 g6 15. Bg2 Bg7 16. O-O a5 17. Qd3 Be6 18. Rad1 Qb8 19. b3 Qa7 20. Kh1 Rad8 21. Nce3 Nd4 22. f4 f5 23. Bh3 Qd7 24. Rde1 Kh8 25. Qb1 Rf7 26. Rf2 Rdf8 1/2-1/2

[Event "KAZ-ch Open 2019"]
[Site "Almaty"]
[Date "2019.04.22"]
[Round "2.2"]
[White "Moisseyenko, Ilya"]
[Black "Makhnev, Denis"]
[Result "0-1"]
[ECO "E15"]
[WhiteElo "2329"]
[BlackElo "2483"]
[Annotator "ChessBase"]
[PlyCount "184"]
[EventDate "2019.04.21"]
[EventType "tourn"]
[EventCountry "KAZ"]
[SourceTitle "playchess.com"]
[Source "ChessBase"]
[SourceQuality "1"]
[TimeControl "40/5400+30:1800+30"]

1. d4 Nf6 2. Nf3 e6 3. c4 b6 4. g3 Ba6 5. b3 Bb4+ 6. Bd2 Be7 7. Bg2 c6 8. Bc3 d5 9. Ne5 Nfd7 10. Nxd7 Nxd7 11. Nd2 O-O 12. O-O b5 13. e4 bxc4 14. bxc4 dxc4 15. Qa4 Bb5 16. Qc2 a5 17. a4 Ba6 18. Rfb1 Nf6 19. Bf1 c5 20. dxc5 Bxc5 21. Nxc4 Bxc4 22. Bxc4 Ng4 23. Be1 Rc8 24. Rc1 Qf6 25. Qe2 Nxf2 26. Bxf2 Bxf2+ 27. Qxf2 Rxc4 28. Qxf6 Rxc1+ 29. Rxc1 gxf6 30. Rc5 Rd8 31. Rxa5 Rd4 32. Kf2 Rxe4 33. h4 f5 34. Kf3 Kg7 35. Ra8 Rb4 36. a5 Rb3+ 37. Kg2 Ra3 38. a6 e5 39. a7 e4 40. Kf2 Kf6 41. Kg2 Ra2+ 42. Kg1 h6 43. Kf1 f4 44. Re8 Rxa7 45. Rxe4 fxg3 46. Re3 Ra4 47. Rxg3 Rxh4 48. Ra3 Rh2 49. Kg1 Re2 50. Kf1 Rd2 51. Rf3+ Ke7 52. Re3+ Kf8 53. Rh3 Rd6 54. Kg2 Kg7 55. Ra3 Rd5 56. Ra6 Rg5+ 57. Kf3 h5 58. Rb6 f6 59. Rb8 Kg6 60. Rg8+ Kf7 61. Rh8 Kg7 62. Ra8 Rg4 63. Rb8 Kg6 64. Rg8+ Kf5 65. Rh8 Kg5 66. Rg8+ Kh4 67. Rf8 Rg1 68. Rh8 Rf1+ 69. Kg2 Rf5 70. Rf8 Kg4 71. Rg8+ Rg5 72. Rf8 f5 73. Kf2 Rg7 74. Ra8 Rb7 75. Rg8+ Kf4 76. Rh8 Rb2+ 77. Kg1 Kg3 78. Rg8+ Kf3 79. Rg5 f4 80. Rxh5 Rb1+ 81. Kh2 Kf2 82. Ra5 Re1 83. Ra4 f3 84. Ra2+ Re2 85. Ra3 Kf1+ 86. Kg3 f2 87. Kh2 Re5 88. Ra1+ Ke2 89. Ra2+ Kf3 90. Ra3+ Re3 91. Ra4 f1=Q 92. Rf4+ Ke2 0-1

[Event "KAZ-ch Open 2019"]
[Site "Almaty"]
[Date "2019.04.22"]
[Round "2.3"]
[White "Zhalmakhanov, Ramazan"]
[Black "Kazhgaleyev, Murtas"]
[Result "1/2-1/2"]
[ECO "C88"]
[WhiteElo "2346"]
[BlackElo "2578"]
[Annotator "RC"]
[PlyCount "97"]
[EventDate "2019.04.21"]
[EventType "tourn"]
[EventCountry "KAZ"]
[SourceTitle "playchess.com"]
[Source "ChessBase"]
[SourceQuality "1"]
[TimeControl "40/5400+30:1800+30"]

1. e4 e5 2. Nf3 Nc6 3. Bb5 a6 4. Ba4 Nf6 5. O-O Be7 6. Re1 b5 7. Bb3 O-O 8. h3 Bb7 9. d3 d6 10. a3 Qd7 11. Nbd2 Rfe8 12. Nf1 Nd8 13. Ng3 Ne6 14. c3 c5 15. d4 exd4 16. cxd4 d5 17. e5 Ne4 18. Nf5 Bf8 19. Be3 Rac8 20. Bc2 g6 21. Nh6+ Bxh6 22. Bxh6 Nxd4 23. Nxd4 cxd4 24. f4 Rc4 25. Bd3 Nc5 26. Bf1 d3 27. b4 Na4 28. Qxd3 d4 29. Qg3 Rc2 30. Rac1 Rxc1 31. Rxc1 Nc3 32. Qh4 f5 33. Qf6 Nd5 34. Qd6 Qxd6 35. exd6 Rd8 36. Rd1 Rxd6 37. Rxd4 Kf7 38. Be2 Rd7 39. Bf3 Bc6 40. Bxd5+ Bxd5 41. Kf2 Rd8 42. Bg5 Rd6 43. Bh6 Ke6 44. Bf8 Rc6 45. Bc5 a5 46. Rd2 axb4 47. axb4 Ra6 48. Re2+ Be4 49. Rd2 {[%emt 0:00:03] Ke5} 1/2-1/2

[Event "KAZ-ch Open 2019"]
[Site "Almaty"]
[Date "2019.04.22"]
[Round "2.5"]
[White "Kvan, Andrey"]
[Black "Nogerbek, Kazybek"]
[Result "1-0"]
[ECO "A09"]
[WhiteElo "2286"]
[BlackElo "2341"]
[Annotator "NA"]
[PlyCount "81"]
[EventDate "2019.04.21"]
[EventType "tourn"]
[EventCountry "KAZ"]
[SourceTitle "playchess.com"]
[Source "ChessBase"]
[SourceQuality "1"]
[TimeControl "40/5400+30:1800+30"]

1. Nf3 d5 2. c4 d4 3. b4 f6 4. e3 dxe3 5. fxe3 e5 6. Qb3 a5 7. b5 e4 8. Nd4 f5 9. Bb2 Nf6 10. Be2 Bc5 11. O-O g6 12. Kh1 O-O 13. Nc3 Qe7 14. Nd5 Nxd5 15. cxd5 Bd6 16. Ne6 Bxe6 17. dxe6 h5 18. a4 Kh7 19. Ba3 c5 20. g3 b6 21. Bc4 Ra7 22. d3 h4 23. Kg2 Qg5 24. dxe4 Bxg3 25. Ra2 Bd6+ 26. Kh1 fxe4 27. Rxf8 Bxf8 28. Rg2 Qf5 29. Qd1 Bh6 30. Qg4 Re7 31. Qxh4 g5 32. Qg3 Qf3 33. Qxf3 exf3 34. Rg3 Kg6 35. Bb2 g4 36. Be5 Re8 37. e4 Bg5 38. Rxg4 Kh5 39. Rg3 Rf8 40. Rxf3 Rxf3 41. Be2 1-0

[Event "KAZ-ch Open 2019"]
[Site "Almaty"]
[Date "2019.04.22"]
[Round "2.6"]
[White "Kostenko, Petr"]
[Black "Ibrayev, Nurlan"]
[Result "0-1"]
[ECO "A12"]
[WhiteElo "2450"]
[BlackElo "2379"]
[Annotator "ChessBase"]
[PlyCount "94"]
[EventDate "2019.04.21"]
[EventType "tourn"]
[EventCountry "KAZ"]
[SourceTitle "playchess.com"]
[Source "ChessBase"]
[SourceQuality "1"]
[TimeControl "40/5400+30:1800+30"]

1. c4 c6 2. Nf3 d5 3. b3 Bg4 4. Bb2 e6 5. e3 Nd7 6. h3 Bh5 7. Be2 Ngf6 8. Nc3 Bd6 9. Rc1 a6 10. g4 Bg6 11. Nh4 Qe7 12. d3 Nf8 13. Nb1 e5 14. cxd5 Nxd5 15. Nxg6 Nxg6 16. Nd2 O-O 17. Rc4 b5 18. Rxc6 Nb4 19. Rc1 Nxa2 20. Ra1 Nb4 21. Ne4 Bc7 22. Qd2 Nd5 23. Ba3 b4 24. Bb2 Bb6 25. g5 Nh4 26. Rg1 a5 27. Rc1 Qa7 28. Rg4 Nxe3 29. fxe3 Bxe3 30. Qd1 Bxc1 31. Qxc1 Rac8 32. Qd2 Nf5 33. Bxe5 Ne3 34. Nf6+ gxf6 35. gxf6+ Kh8 36. Rg3 Nc2+ 37. Kf1 Rg8 38. Rxg8+ Rxg8 39. d4 a4 40. Qxc2 a3 41. Qa2 Qb7 42. Kf2 Qg2+ 43. Ke3 Rc8 44. d5 Re8 45. Kd4 Qf2+ 46. Ke4 Qxf6 47. Qa1 Qxe5+ {[%emt 0:00:16] Qd1} 0-1

[Event "KAZ-ch Open 2019"]
[Site "Almaty"]
[Date "2019.04.23"]
[Round "3.1"]
[White "Ibrayev, Nurlan"]
[Black "Agmanov, Zhandos"]
[Result "1/2-1/2"]
[ECO "A46"]
[WhiteElo "2379"]
[BlackElo "2394"]
[Annotator "NA"]
[PlyCount "39"]
[EventDate "2019.04.21"]
[EventType "tourn"]
[EventCountry "KAZ"]
[SourceTitle "playchess.com"]
[Source "ChessBase"]
[SourceQuality "1"]
[TimeControl "40/5400+30:1800+30"]

1. d4 Nf6 2. Nf3 d5 3. g3 c5 4. c4 cxd4 5. cxd5 Nxd5 6. Qa4+ Nc6 7. Nxd4 Bd7 8. Bg2 Qb6 9. Nf3 Rc8 10. O-O e6 11. Nc3 Nxc3 12. bxc3 Ne5 13. Qb3 Nxf3+ 14. Bxf3 Bc6 15. Be3 Bc5 16. Qxb6 Bxb6 17. Bxb6 Bxf3 18. exf3 axb6 19. Rfb1 Rc6 20. c4 1/2-1/2

[Event "KAZ-ch Open 2019"]
[Site "Almaty"]
[Date "2019.04.23"]
[Round "3.3"]
[White "Kazakov, Konstantin"]
[Black "Kvan, Andrey"]
[Result "1-0"]
[ECO "A05"]
[WhiteElo "2369"]
[BlackElo "2286"]
[Annotator "NA"]
[PlyCount "219"]
[EventDate "2019.04.21"]
[EventType "tourn"]
[EventCountry "KAZ"]
[SourceTitle "playchess.com"]
[Source "ChessBase"]
[SourceQuality "1"]
[TimeControl "40/5400+30:1800+30"]

1. Nf3 Nf6 2. e3 g6 3. b3 Bg7 4. Bb2 O-O 5. Be2 d6 6. O-O c5 7. c4 b6 8. d4 cxd4 9. Nxd4 Bb7 10. Nc3 Nbd7 11. Rc1 a6 12. Bf3 Bxf3 13. Qxf3 Ne5 14. Qe2 Rc8 15. Rfd1 Nc6 16. Nf3 Nd7 17. Nd5 Bxb2 18. Qxb2 Nde5 19. Nxe5 Nxe5 20. Qd4 Rb8 21. Qf4 Kg7 22. Qd4 Kg8 23. Rc3 e6 24. Nb4 a5 25. Nc2 Qe7 26. Qd2 Rfd8 27. Nd4 Rbc8 28. e4 Ng4 29. Nb5 Nf6 30. Re3 Ne8 31. Rd3 Rc6 32. a4 e5 33. Nc3 Nc7 34. Rh3 Rd7 35. Qh6 f6 36. Qd2 Qf7 37. Rf3 Kg7 38. Qe3 Rc5 39. Qd2 Qf8 40. Rd3 Rc6 41. h4 h6 42. Rg3 Qf7 43. Qe2 Kh7 44. Qf3 Kg7 45. Rd2 Ne6 46. Nd5 Nc7 47. Ne3 Ne6 48. Qg4 Nf4 49. Qd1 Kh7 50. Rf3 Qe6 51. Nd5 Nh5 52. Rfd3 Ng7 53. Qf3 Rf7 54. Nc3 h5 55. Nb5 Ne8 56. Qd1 Rd7 57. f4 Kh6 58. Rf2 Rg7 59. Qd2 Kh7 60. Qe2 Qg4 61. Qxg4 hxg4 62. Rg3 f5 63. fxe5 dxe5 64. exf5 Nf6 65. Re3 e4 66. g3 Rd7 67. Kg2 Rc5 68. fxg6+ Kxg6 69. Nc3 Re5 70. Rfe2 Rd4 71. Rf2 Rf5 72. Ne2 Rf3 73. Nxd4 Rxe3 74. Rd2 Nh5 75. Ne2 Rxb3 76. Rd6+ Kg7 77. Rd5 Kh6 78. Rb5 Rb4 79. Kf2 Rxc4 80. Rxb6+ Kg7 81. Rb5 Kh6 82. Rxa5 Rc2 83. Ke3 Ra2 84. Ra6+ Kh7 85. a5 Ra3+ 86. Kxe4 Nxg3+ 87. Nxg3 Rxg3 88. Kf4 Rb3 89. Kxg4 Rb5 90. Ra8 Rc5 91. Kf4 Kg7 92. Ke3 Rb5 93. Kd3 Rc5 94. Kd4 Rb5 95. Kc4 Rf5 96. Kb4 Rf4+ 97. Kc5 Rf5+ 98. Kd6 Rb5 99. Kc7 Rf5 100. Ra7 Kg8 101. Kd6 Kh8 102. Ke6 Rc5 103. Kf7 Rd5 104. h5 Rb5 105. Kg6 Rb8 106. Rd7 Ra8 107. Rd6 Rg8+ 108. Kf5 Kh7 109. a6 Rg1 110. Ke6 1-0

[Event "KAZ-ch Open 2019"]
[Site "Almaty"]
[Date "2019.04.23"]
[Round "3.4"]
[White "Kazhgaleyev, Murtas"]
[Black "Urazayev, Arystanbek"]
[Result "1-0"]
[ECO "E43"]
[WhiteElo "2578"]
[BlackElo "2446"]
[Annotator "ChessBase"]
[PlyCount "53"]
[EventDate "2019.04.21"]
[EventType "tourn"]
[EventCountry "KAZ"]
[SourceTitle "playchess.com"]
[Source "ChessBase"]
[SourceQuality "1"]
[TimeControl "40/5400+30:1800+30"]

1. d4 Nf6 2. c4 e6 3. Nc3 Bb4 4. e3 b6 5. Bd3 Bb7 6. Nf3 Ne4 7. Qc2 f5 8. O-O Nxc3 9. bxc3 Bxf3 10. gxf3 Bd6 11. f4 Qh4 12. f3 g5 13. fxg5 h6 14. g6 Rg8 15. e4 Nc6 16. exf5 exf5 17. Bxf5 Ne7 18. Be4 O-O-O 19. c5 bxc5 20. Rb1 Rdf8 21. dxc5 Bxc5+ 22. Kh1 d5 23. Bd3 Bb6 24. Ba3 Re8 25. c4 dxc4 26. Bxc4 Rg7 27. Qa4 1-0

[Event "KAZ-ch Open 2019"]
[Site "Almaty"]
[Date "2019.04.23"]
[Round "3.5"]
[White "Makhnev, Denis"]
[Black "Zhalmakhanov, Ramazan"]
[Result "1/2-1/2"]
[ECO "A62"]
[WhiteElo "2483"]
[BlackElo "2346"]
[Annotator "ChessBase"]
[PlyCount "119"]
[EventDate "2019.04.21"]
[EventType "tourn"]
[EventCountry "KAZ"]
[SourceTitle "playchess.com"]
[Source "ChessBase"]
[SourceQuality "1"]
[TimeControl "40/5400+30:1800+30"]

1. d4 Nf6 2. c4 e6 3. g3 c5 4. d5 exd5 5. cxd5 d6 6. Nc3 g6 7. Bg2 Bg7 8. Nf3 O-O 9. O-O Re8 10. Bf4 Ne4 11. Rc1 Nxc3 12. bxc3 b6 13. Re1 h6 14. h4 Bf5 15. Qd2 Kh7 16. Nh2 Na6 17. e4 Bc8 18. c4 Rb8 19. Rb1 Rb7 20. Re2 Rbe7 21. Rbe1 Nc7 22. Qd3 Kg8 23. Bf3 f5 24. Qd2 Kh7 25. exf5 Bxf5 26. Ng4 Rxe2 27. Rxe2 Rxe2 28. Bxe2 Qf8 29. Ne3 Be4 30. f3 Bf5 31. Nxf5 Qxf5 32. Bxd6 Ne8 33. Bf4 Be5 34. Bxe5 Qxe5 35. f4 Qa1+ 36. Kg2 Nd6 37. Bd3 Kg7 38. Qe2 Qf6 39. h5 g5 40. Qg4 Qb2+ 41. Kh3 Qa1 42. Qe6 Nf7 43. Qe7 gxf4 44. gxf4 Qh1+ 45. Kg3 Qg1+ 46. Kf3 Qh1+ 47. Ke3 Qc1+ 48. Ke2 Qxf4 49. Qxa7 Qh2+ 50. Ke1 Qe5+ 51. Kd2 Qb2+ 52. Kd1 Qd4 53. Kc2 Qf2+ 54. Kb1 Qe1+ 55. Kb2 Qd2+ 56. Bc2 Qb4+ 57. Bb3 Qd2+ 58. Bc2 Qb4+ 59. Bb3 Qd2+ 60. Bc2 1/2-1/2

[Event "KAZ-ch Open 2019"]
[Site "Almaty"]
[Date "2019.04.23"]
[Round "3.6"]
[White "Ismagambetov, Anuar"]
[Black "Moisseyenko, Ilya"]
[Result "1-0"]
[ECO "B97"]
[WhiteElo "2554"]
[BlackElo "2329"]
[Annotator "ChessBase"]
[PlyCount "112"]
[EventDate "2019.04.21"]
[EventType "tourn"]
[EventCountry "KAZ"]
[SourceTitle "playchess.com"]
[Source "ChessBase"]
[SourceQuality "1"]
[TimeControl "40/5400+30:1800+30"]

1. e4 c5 2. Nf3 d6 3. d4 Nf6 4. Nc3 cxd4 5. Nxd4 a6 6. Bg5 e6 7. f4 Qb6 8. Qd3 Qxb2 9. Rb1 Qa3 10. f5 Nc6 11. fxe6 fxe6 12. Nxc6 bxc6 13. Be2 Be7 14. Bh5+ g6 15. e5 dxe5 16. Rb3 Qc5 17. Bxg6+ hxg6 18. Bxf6 Bxf6 19. Qxg6+ Ke7 20. Qxf6+ Kxf6 21. Ne4+ Ke7 22. Nxc5 e4 23. O-O e5 24. Nxe4 Rh4 25. Re1 Ra7 26. Rg3 Rd7 27. Rg7+ Kd8 28. Rxd7+ Kxd7 29. g3 Rh6 30. Ng5 Rd6 31. Nf3 Kc7 32. Rxe5 Be6 33. a3 Bd5 34. Re3 Rd8 35. h4 Rb8 36. Kf2 Rb2 37. Ne1 Kd6 38. g4 Rb7 39. Kg3 Kc5 40. g5 Kd4 41. Rd3+ Ke4 42. Rf3 Rb1 43. Ng2 Rg1 44. g6 Ke5 45. g7 Rc1 46. h5 Rh1 47. Kg4 Rg1 48. Rf5+ Ke4 49. Rf2 Ke5 50. Kh4 a5 51. h6 a4 52. Nf4 Bg8 53. Nh3 Rg6 54. Kh5 Rf6 55. Re2+ Kd4 56. Ng5 Kd5 1-0

[Event "KAZ-ch Open 2019"]
[Site "Almaty"]
[Date "2019.04.27"]
[Round "6.1"]
[White "Agmanov, Zhandos"]
[Black "Zhalmakhanov, Ramazan"]
[Result "1/2-1/2"]
[ECO "B31"]
[WhiteElo "2394"]
[BlackElo "2346"]
[Annotator "NA RC"]
[PlyCount "42"]
[EventDate "2019.04.21"]
[EventType "tourn"]
[EventCountry "KAZ"]
[SourceTitle "playchess.com"]
[Source "ChessBase"]
[SourceQuality "1"]
[TimeControl "40/5400+30:1800+30"]

1. e4 c5 2. Nf3 Nc6 3. Bb5 g6 4. O-O Bg7 5. c3 Nf6 6. Re1 O-O 7. h3 e5 8. d3 d6 9. Nbd2 h6 {[%emt 0:12:12] B31: Sicilian: 2...Nc6 3 Bb5 g6} 10. a3 (10. Nf1 Be6 11. Ng3 Rc8 12. Ba4 Kh7 13. Be3 Nd7 14. Bxc6 bxc6 15. d4 exd4 16. cxd4 d5 17. Qd2 {½-½ (74) Kasimdzhanov,R (2683)-Moiseenko,A (2667) Riadh 2017}) 10... Qc7 11. b4 b6 $146 ({Predecessor:} 11... a6 12. Bxc6 Qxc6 13. bxc5 Qxc5 14. a4 Be6 15. Ba3 Qc7 16. d4 Rfd8 17. d5 {1-0 (38) Weldon,D (2136)-Sojka,V (2199) ICCF email 2014}) 12. Rb1 a6 13. Bc4 b5 14. Ba2 Rd8 15. Qc2 Bf8 16. Nf1 Bb7 17. Be3 Rac8 18. Ng3 cxb4 19. cxb4 d5 20. d4 (20. Rbc1 $14) 20... exd4 21. Nxd4 Nxe4 $15 1/2-1/2

[Event "KAZ-ch Open 2019"]
[Site "Almaty"]
[Date "2019.04.27"]
[Round "6.2"]
[White "Urazayev, Arystanbek"]
[Black "Moisseyenko, Ilya"]
[Result "1/2-1/2"]
[ECO "B03"]
[WhiteElo "2446"]
[BlackElo "2329"]
[Annotator "RC"]
[PlyCount "144"]
[EventDate "2019.04.21"]
[EventType "tourn"]
[EventCountry "KAZ"]
[SourceTitle "playchess.com"]
[Source "ChessBase"]
[SourceQuality "1"]
[TimeControl "40/5400+30:1800+30"]

1. e4 Nf6 2. e5 Nd5 3. c4 Nb6 4. d4 d6 5. exd6 exd6 6. h3 Be7 7. Nf3 Bf5 8. Be2 O-O 9. O-O Nc6 10. Nc3 Bf6 11. Bf4 Re8 12. Qd2 h6 13. Rfd1 Qd7 14. Rac1 Rad8 15. Bf1 Bg6 16. b3 Bh5 17. g4 Bg6 18. Bg3 Bh7 19. Qf4 Ne7 20. Ne4 Bxe4 21. Qxe4 Qc6 22. Qd3 Qd7 23. Qd2 Qc8 24. Re1 Ng6 25. Bd3 Rxe1+ 26. Rxe1 Re8 27. Rxe8+ Qxe8 28. h4 Qd8 29. Qe3 Nf8 30. Kg2 Nbd7 31. Be4 b6 32. Bd5 Qe7 33. g5 hxg5 34. Nxg5 Bxg5 35. hxg5 Qxe3 36. fxe3 g6 37. Kf3 Ne6 38. Bh4 Kf8 39. b4 Ke7 40. a3 Ndf8 41. Kg4 Nh7 42. Be4 Ke8 43. Bd3 Ke7 44. Bc2 Ke8 45. Bb1 Ke7 46. Bc2 Ke8 47. a4 Ke7 48. Bd3 Ke8 49. Bb1 Ke7 50. Bc2 Ke8 51. a5 Ke7 52. Ba4 Kd8 53. Bc6 Ke7 54. a6 Nd8 55. Ba4 Ne6 56. Bb3 Ke8 57. Bc2 Ke7 58. Bf2 Ke8 59. e4 Nexg5 60. d5 Kd7 61. Bd4 Kc8 62. c5 f6 63. cxd6 cxd6 64. Bxf6 Nxf6+ 65. Kxg5 Nd7 66. Kxg6 Kc7 67. Kf5 Ne5 68. Ke6 Nd7 69. Bd1 Ne5 70. Be2 Nd7 71. Kf5 Ne5 72. Kf4 Kd7 {[%emt 0:00:22] Kxe5} 1/2-1/2

[Event "KAZ-ch Open 2019"]
[Site "Almaty"]
[Date "2019.04.27"]
[Round "6.4"]
[White "Kostenko, Petr"]
[Black "Makhnev, Denis"]
[Result "1/2-1/2"]
[ECO "C44"]
[WhiteElo "2450"]
[BlackElo "2483"]
[Annotator "ChessBase"]
[PlyCount "98"]
[EventDate "2019.04.21"]
[EventType "tourn"]
[EventCountry "KAZ"]
[SourceTitle "playchess.com"]
[Source "ChessBase"]
[SourceQuality "1"]
[TimeControl "40/5400+30:1800+30"]

1. e4 e5 2. Nf3 Nc6 3. c3 Nf6 4. d3 d5 5. Nbd2 Be7 6. b4 a6 7. Be2 O-O 8. O-O Bg4 9. Bb2 Bxf3 10. Bxf3 d4 11. Qb1 Qd7 12. Rc1 dxc3 13. Bxc3 Rfd8 14. Be2 Nd4 15. Bxd4 Qxd4 16. Rxc7 Qxb4 17. Nf3 Rd7 18. Rc4 Qxb1+ 19. Rxb1 Bd6 20. d4 exd4 21. e5 Re8 22. exf6 Rxe2 23. Nxd4 Re5 24. Nf3 Rd5 25. g4 h5 26. Rc8+ Kh7 27. fxg7 Kxg7 28. h3 hxg4 29. hxg4 Ra5 30. Nh4 Bc5 31. Rb2 Kf6 32. Kg2 Rd4 33. f3 Rb4 34. Rc2 Bd4 35. Nf5 Be5 36. Ne3 Bf4 37. Nd1 Kg7 38. Re2 Rd4 39. Nf2 Re5 40. Ne4 b5 41. Ra8 Ra4 42. Rc2 Rd5 43. Re2 Ra3 44. Ng3 Bxg3 45. Kxg3 Rd1 46. Rf2 Ra1 47. Rb8 R3xa2 48. Rxa2 Rxa2 49. f4 Ra1 1/2-1/2